 Dungeon Crawl Stone Soup version 0.26.0-45-g9c1d065592 (webtiles) character file.

Game seed: 15838181053277692298

111 kaeus the Sneak (level 4, 0/28 HPs)
             Began as an Octopode Enchanter on Jan 28, 2021.
             Killed by nerve-wracking pain
             ... invoked by an orc priest
              (14 damage)
             ... on level 4 of the Dungeon.
             The game lasted 00:07:05 (2884 turns).

kaeus the Sneak (Octopode Enchanter)                Turns: 2884, Time: 00:07:05

Health: 0/28       AC:  1    Str:  7    XL:     4   Next: 92%
Magic:  7/7        EV: 17    Int: 17    God:
Gold:   236        SH:  0    Dex: 13    Spells: 1/7 levels left

rFire    . . .     SeeInvis .   a - +1 dagger (drain)
rCold    . . .     Faith    .   (no shield)
rNeg     . . .     Spirit   .   (helmet restricted)
rPois    .         Reflect  .   (no amulet)
rElec    .         Harm     .   m - +4 ring of evasion
rCorr    .         Rampage  .   (no ring)
Will     .....                  (no ring)
Stlth    ++++......             (no ring)
HPRegen  0.09/turn              (no ring)
MPRegen  0.10/turn              (no ring)
                                (no ring)
                                (no ring)

@: no status effects
A: almost no armour, stealthy swim, amphibious, 8 rings, constrict 8, camouflage
1, gelatinous body 1
a: no special abilities


You were on level 4 of the Dungeon.
You visited 1 branch of the dungeon, and saw 4 of its levels.

You collected 236 gold pieces.

Inventory:

Hand Weapons
 a - a +1 dagger of draining (weapon)
Jewellery
 m - a +4 ring of evasion (left tentacle)
Scrolls
 d - 2 scrolls of amnesia {unknown}
 f - 3 scrolls of remove curse {unknown}
 g - 4 scrolls of identify {unknown}
 j - a scroll of immolation {unknown}
 k - a scroll of fog {unknown}
 l - a scroll of magic mapping {unknown}
Potions
 b - 2 potions of lignification {unknown}
 c - a potion of might {unknown}
 e - a potion of heal wounds {unknown}
 h - a potion of magic {unknown}
 i - 4 potions of curing {unknown}


   Skills:
 + Level 1.2 Fighting
 + Level 1.9 Short Blades
 + Level 2.2 Dodging
 * Level 5.4 Stealth
 + Level 2.4 Spellcasting
 + Level 0.5 Conjurations
 + Level 3.4 Hexes


You had one spell level left.
You knew the following spells:

 Your Spells              Type           Power        Failure   Level
a - Corona                Hex            14%          4%          1
b - Ensorcelled Hibernat  Hex/Ice        14%          14%         2
c - Dazzling Flash        Conj/Hex       16%          24%         3

Your spell library contained the following spells:

 Spells                   Type           Power        Failure   Level
 Confusing Touch          Hex            13%          14%         3
 Tukima's Dance           Hex            13%          14%         3


Dungeon Overview and Level Annotations

Branches:
Dungeon (4/15)
 Temple: D:4-7

Altars:
Qazlal
Trog

Annotations:
D:4 Blork the orc, Dowan, Grinder, Ijyb


Innate Abilities, Weirdness & Mutations

You cannot wear most types of armour.
You are very stealthy in the water. (Stealth+)
You are amphibious.
You can wear up to eight rings at the same time.
You can use your tentacles to constrict eight enemies at once.
Your skin changes colour to match your surroundings (Stealth+).
Your rubbery body absorbs attacks. (AC +1, EV +1)


Message History

You see here 2 throwing nets.
There is an open door here.
There is a stone staircase leading down here.
You climb downwards.
Level annotation: Blork the orc, Dowan, Grinder, Ijyb An adder, a quokka, a giant cockroach and 7 orcs come into view.
The orc priest barely misses you.
Found a scroll labelled UDUMEC KATONG, a hunting sling and 10 gold pieces.
There is a stone staircase leading up here.
The adder hisses angrily.
The orc shouts! x2; The orc wizard shouts!
The orc shouts!
The orc priest calls down the wrath of Beogh upon you.
Beogh smites you!
The orc wizard points at you and mumbles some strange words.
The puff of flame hits you!
You take 14 damage, and have 14/28 hp.
MASSIVE DAMAGE!!
The orc priest invokes the aid of Beogh against you.
Pain shoots through your body!
Ouch! That really hurt!
You die...

#...#### #......##
.#.......# .# .........#
l #.......####### #.
##.............# #.
##.......Sr...... #..
##.......o@.o......
.##.###<.##.......o......
........###........B.....
........# ##........o....
...!o...# #...B.........
........# ##.$.)..o.....
^.......# .........o..#
....B...# ..####.##.o.##
...?.....


You could see a worker ant, an orc priest, 2 orc wizards, an adder, 4 orcs, a
quokka and a giant cockroach.

Vanquished Creatures
  An orc priest (D:3)
  An iguana (D:3)
  An adder (D:2)
  2 worms
  A leopard gecko (D:3)
  4 orcs (D:3)
  4 bats
  A giant cockroach (D:2)
  4 hobgoblins
  5 kobolds
  5 frilled lizards
  3 goblins (D:1)
  10 rats
42 creatures vanquished.

Notes
Turn   | Place    | Note
-------+----------+-------------------------------------------
     0 | D:1      | kaeus the Octopode Enchanter began the quest for the Orb.
     0 | D:1      | Reached XP level 1. HP: 11/11 MP: 3/3
   162 | D:1      | Reached XP level 2. HP: 17/17 MP: 5/5
  1332 | D:2      | Reached XP level 3. HP: 17/22 MP: 6/6
  1612 | D:2      | Noticed a moth of wrath
  1615 | D:2      | Found a bloodstained altar of Trog.
  1630 | D:2      | Learned a level 2 spell: Ensorcelled Hibernation
  1634 | D:2      | Learned a level 3 spell: Dazzling Flash
  1909 | D:3      | Reached skill level 5 in Stealth
  1976 | D:3      | Found a stormy altar of Qazlal.
  2451 | D:3      | Reached skill level 1 in Fighting
  2451 | D:3      | Reached XP level 4. HP: 25/28 MP: 2/7
  2802 | D:4      | Noticed Ijyb
  2802 | D:4      | Noticed Blork the orc
  2802 | D:4      | Noticed Grinder
  2803 | D:4      | Noticed Dowan
  2884 | D:4      | Killed from afar by an orc priest

Illustrated notes

Levels and vault maps discovered:
D:1:      minmay_arrival_diagonal_passages, layout_basic
D:2:      minmay_general_purpose_star, layout_basic, grunt_decor_fettered,
          tgw_trog
D:3:      layout_basic, lemuel_crystal_altar, st_stairs_7
D:4:      layout_rooms, lemuel_round_altar, minmay_temple_entry_wispy,
          uniq_ijyb, uniq_blork_the_orc, uniq_duvessa, uniq_grinder

Skill      XL: |  1  2  3 |
---------------+----------+-----
Stealth        | 5 |  5.4
Fighting       | 1 |  1.2
Short Blades   | |  1.9
Dodging        | |  2.2
Spellcasting   | |  2.4
Conjurations   | |  0.5
Hexes          | |  3.4

Action                   |  1- 3 |  4- 6 || total
-------------------------+-------+-------++-------
Melee: Dagger            |    60 |     8 ||    68
       Constrict         |    12 |     3 ||    15
       Tentacles         |     3 |     2 ||     5
 Cast: Ensorcelled Hiber |     4 |       ||     4
 Stab: Sleeping          |    15 |       ||    15
Armor: Skin              |     5 |       ||     5
Dodge: Dodged            |    23 |     8 ||    31
